[Event "Titled Tuesday Blitz May 23 Late 2023"]
[White "Holt, Conrad"]
[Black "Ilkhomi, Jaloliddin"]
[WhiteFideId "2034387"]
[BlackFideId "14700948"]
[WhiteElo "2592"]
[BlackElo "2045"]
[Result "1-0"]
[Round "10"]
[TimeControl "180+2"]
[Date "2023.05.23"]
[WhiteClock "0:01:22"]
[BlackClock "0:00:45"]

1. d4 Nf6 2. c4 e6 3. Nc3 Bb4 4. Qc2 O-O 5. e4 d5 6. e5 Ne4 7. Bd3 c5 8. Nf3 Nd7 9. O-O cxd4 10. Nxe4 dxe4 11. Bxe4 h6 12. a3 Ba5 13. Rd1 Bb6 14. Bf4 Qe7 15. Nxd4 Nc5 16. Bh7+ Kh8 17. b4 Nd7 18. Be4 a6 19. c5 Bc7 20. c6 bxc6 21. Nxc6 Qe8 22. Qd2 f5 23. exf6 Bxf4 24. Qxf4 Nxf6 25. Ne5 Nd5 26. Ng6+ Kg8 27. Qxf8+ Qxf8 28. Nxf8 Kxf8 29. Bxd5 exd5 30. Rxd5 Be6 31. Ra5 Bc4 32. Rc1 Rd8 33. f3 Bb5 34. a4 Be2 35. Kf2 Rd2 36. Ke3 Rb2 37. Rac5 Kg8 38. R5c2 Rxb4 39. Kxe2 Rxa4 40. Rc7 Ra2+ 41. R1c2 Ra1 42. Ra7 Kh8 43. Rcc7 Ra2+ 44. Kf1 Ra1+ 45. Kf2 Ra2+ 46. Kg3 1-0


[Site "https://www.chess.com"]

[Event "Titled Tuesday Blitz May 23 Late 2023"]
[White "Tatarinov, Dmitry"]
[Black "Filipascu"]
[WhiteFideId "24160067"]
[WhiteElo "2326"]
[BlackElo "2613"]
[Result "1-0"]
[Round "10"]
[TimeControl "180+2"]
[Date "2023.05.23"]
[WhiteClock "0:01:32"]
[BlackClock "0:00:00"]

1. c4 e5 2. g3 Nf6 3. Bg2 c6 4. Nf3 e4 5. Nd4 d5 6. cxd5 cxd5 7. O-O Nc6 8. Nxc6 bxc6 9. d3 exd3 10. exd3 Be7 11. b3 O-O 12. Bb2 Bf5 13. Nc3 Re8 14. Rc1 Qc8 15. Na4 Qa6 16. Nc5 Bxc5 17. Rxc5 Bxd3 18. Bxf6 gxf6 19. Qg4+ Bg6 20. h4 h5 21. Qf4 Kg7 22. Rfc1 Re6 23. Bh3 Re4 24. Rxc6 Qxc6 25. Rxc6 Rxf4 26. gxf4 Be4 27. Rc8 Rxc8 28. Bxc8 d4 29. Kf1 Kf8 30. Ke1 Ke7 31. Kd2 Kd6 32. Ba6 Kc5 33. Be2 Bg6 34. a3 a5 35. f5 Bxf5 36. Bxh5 Be6 37. Bd1 Kd5 38. Bc2 Bg4 39. f4 f5 40. Bd3 Kc5 41. Be2 Kd5 42. h5 Ke6 43. b4 axb4 44. axb4 Bh3 45. Kd3 Bg2 46. Kxd4 1-0


[Site "https://www.chess.com"]

[Event "Titled Tuesday Blitz May 23 Late 2023"]
[White "Horvath, Dominik"]
[Black "Duda, Jan-Krzysztof"]
[WhiteFideId "1642561"]
[BlackFideId "1170546"]
[WhiteElo "2407"]
[BlackElo "2790"]
[Result "0-1"]
[Round "10"]
[TimeControl "180+2"]
[Date "2023.05.23"]
[WhiteClock "0:00:07"]
[BlackClock "0:00:18"]

1. e4 d6 2. d4 g6 3. Nc3 Bg7 4. Nf3 Nf6 5. Be2 O-O 6. O-O a6 7. a4 b6 8. Re1 Bb7 9. Qd3 e6 10. Bf4 Nc6 11. Bf1 h6 12. Rad1 Kh7 13. h3 Qe7 14. Qd2 Rfd8 15. d5 Nb4 16. dxe6 fxe6 17. Qc1 Nh5 18. Bh2 a5 19. Nb5 Na6 20. c3 Nc5 21. Qc2 e5 22. Nd2 Rd7 23. Be2 Rf8 24. Bg4 Rdd8 25. Nc4 Nf4 26. b4 Bxe4 27. Qd2 axb4 28. cxb4 Nxg2 29. bxc5 Nxe1 30. Rxe1 dxc5 31. Qe2 Bd3 32. Qa2 h5 33. Be2 Qg5+ 34. Kh1 Be4+ 35. f3 Rxf3 36. Bxf3 Bxf3+ 37. Qg2 Qxg2# 0-1


[Site "https://www.chess.com"]

[Event "Titled Tuesday Blitz May 23 Late 2023"]
[White "Andreikin, Dmitry"]
[Black "Prohaszka, Peter"]
[WhiteFideId "4158814"]
[BlackFideId "726265"]
[WhiteElo "2736"]
[BlackElo "2626"]
[Result "1-0"]
[Round "10"]
[TimeControl "180+2"]
[Date "2023.05.23"]
[WhiteClock "0:00:46"]
[BlackClock "0:00:00"]

1. Na3 Na6 2. g3 e5 3. Bg2 Nf6 4. Nf3 e4 5. Nd4 c6 6. O-O d5 7. d3 Nc5 8. b4 Ne6 9. Nxe6 Bxe6 10. b5 Bd6 11. bxc6 bxc6 12. dxe4 Nxe4 13. Bxe4 dxe4 14. Qd4 O-O 15. Bb2 f6 16. Rfd1 Be5 17. Qe3 Bxb2 18. Rxd8 Raxd8 19. Rb1 Bd4 20. Qxe4 Rfe8 21. Qxc6 Bd5 22. Qa4 Bc5 23. e3 Bb6 24. c4 Be4 25. c5 Bxb1 26. Nxb1 Bc7 27. Nc3 a5 28. Nb5 Re7 29. c6 Rc8 30. Qg4 Rb8 31. Kg2 Kf8 32. a4 Rd8 33. Qh5 h6 34. Qc5 Ke8 35. Qa7 1-0


[Site "https://www.chess.com"]

[Event "Titled Tuesday Blitz May 23 Late 2023"]
[White "Zhigalko, Sergei"]
[Black "Alex_Sahakyan2006"]
[WhiteFideId "13502956"]
[WhiteElo "2626"]
[BlackElo "2687"]
[Result "1-0"]
[Round "10"]
[TimeControl "180+2"]
[Date "2023.05.23"]
[WhiteClock "0:00:27"]
[BlackClock "0:00:03"]

1. e4 c5 2. Nf3 d6 3. d4 cxd4 4. Qxd4 Nf6 5. Nc3 Nc6 6. Bb5 Bd7 7. Bxc6 Bxc6 8. Bg5 e6 9. O-O-O Be7 10. Rhe1 O-O 11. Kb1 Qa5 12. Qd2 Qc7 13. Nd4 a6 14. f3 b5 15. g4 b4 16. Nce2 a5 17. Ng3 a4 18. Nh5 b3 19. Bxf6 bxa2+ 20. Ka1 Bxf6 21. Nxf6+ gxf6 22. Qh6 a3 23. b3 Bxe4 24. c4 Qa5 25. Re3 Bg6 26. h4 d5 27. h5 Bb1 28. Nc6 Qc5 29. Qxf6 Rfe8 30. Re5 Rac8 31. Rg5+ Bg6 32. hxg6 fxg6 33. Rxg6+ hxg6 34. Qxg6+ Kf8 35. Qf6+ Kg8 36. Rh1 Qg1+ 37. Rxg1 1-0


[Site "https://www.chess.com"]

[Event "Titled Tuesday Blitz May 23 Late 2023"]
[White "Fridman, Daniel"]
[Black "Vlassov, Nikolai"]
[WhiteFideId "11600454"]
[BlackFideId "4103360"]
[WhiteElo "2525"]
[BlackElo "2324"]
[Result "1-0"]
[Round "10"]
[TimeControl "180+2"]
[Date "2023.05.23"]
[WhiteClock "0:01:03"]
[BlackClock "0:00:32"]

1. d4 Nf6 2. Nf3 e6 3. c4 Bb4+ 4. Bd2 Qe7 5. g3 Bxd2+ 6. Qxd2 Ne4 7. Qc2 Qb4+ 8. Nbd2 Nxd2 9. Nxd2 Nc6 10. e3 e5 11. d5 Nb8 12. c5 O-O 13. h3 d6 14. Rc1 Na6 15. a3 Qxc5 16. Qxc5 Nxc5 17. b4 Na6 18. Bxa6 bxa6 19. Rxc7 Bf5 20. Ke2 Rfc8 21. Rhc1 Bxh3 22. Ne4 h6 23. Nxd6 Rxc7 24. Rxc7 a5 25. b5 a4 26. e4 f5 27. Nxf5 Bxf5 28. exf5 Rd8 29. Rc5 h5 30. Ke3 Kf7 31. Ke4 Kf6 32. Rc6+ Kg5 33. Rg6# 1-0


[Site "https://www.chess.com"]

[Event "Titled Tuesday Blitz May 23 Late 2023"]
[White "Rosen, Eric"]
[Black "Licznerski, Lukasz"]
[WhiteFideId "2032562"]
[BlackFideId "1179250"]
[WhiteElo "2331"]
[BlackElo "2453"]
[Result "1-0"]
[Round "10"]
[TimeControl "180+2"]
[Date "2023.05.23"]
[WhiteClock "0:02:39"]
[BlackClock "0:01:55"]

1. d4 Nf6 2. Bf4 e6 3. e3 c5 4. Nf3 cxd4 5. exd4 b6 6. Nbd2 Bb7 7. a4 a6 8. Bd3 Be7 9. O-O O-O 10. Re1 d6 11. c3 Nbd7 12. h3 Re8 13. Qc2 Bf8 14. Ng5 h6 15. Bh7+ 1-0


[Site "https://www.chess.com"]

[Event "Titled Tuesday Blitz May 23 Late 2023"]
[White "Mekhitarian, Krikor Sevag"]
[Black "Bernabeu Lopez, Carlos Javier"]
[WhiteFideId "2107660"]
[BlackFideId "2235366"]
[WhiteElo "2604"]
[BlackElo "2344"]
[Result "0-1"]
[Round "10"]
[TimeControl "180+2"]
[Date "2023.05.23"]
[WhiteClock "0:00:00"]
[BlackClock "0:01:49"]

1. Nf3 Nf6 2. c4 g6 3. Nc3 Bg7 4. e4 d6 5. d4 O-O 6. h3 e5 7. d5 Na6 8. Be3 Nc5 9. Nd2 a5 10. g4 h5 11. Be2 hxg4 12. hxg4 b6 13. g5 Nfd7 14. Qc2 Nb8 15. a3 Nba6 16. Nb5 Bd7 17. O-O-O a4 18. Kb1 Re8 19. Rh4 Nb3 20. Nxb3 axb3 21. Qxb3 Nc5 22. Qc2 Qc8 23. Rdh1 Kf8 24. f3 Ke7 25. Rh7 Rg8 26. Bc1 Be8 27. b4 Nd7 28. Be3 Nf8 29. R7h2 Bxb5 30. cxb5 Rxa3 31. Bc1 Ra7 32. Bb2 Nd7 33. Rc1 Rh8 34. Rch1 Rxh2 35. Rxh2 Qa8 36. Qc6 Qxc6 37. bxc6 Nf8 38. Kc2 f6 39. gxf6+ Bxf6 40. Kb3 Kf7 41. Bf1 Kg7 42. Bh3 g5 43. Bf5 Ng6 44. Rh1 Ra8 45. Bc3 Be7 46. Bd2 Bf6 47. Kb2 Nh4 48. Bg4 Ng6 49. Ra1 Rxa1 50. Kxa1 Nf4 51. Kb2 Ne2 52. Kb3 b5 53. Bh3 Nd4+ 54. Kb2 Nxf3 55. Be3 Nd4 56. Bf1 g4 57. Kc3 g3 58. Bg2 Kg6 59. Kd3 Bg5 60. Bg1 Bc1 0-1


[Site "https://www.chess.com"]

[Event "Titled Tuesday Blitz May 23 Late 2023"]
[White "Manukyan, Sargis A."]
[Black "Panesar Vedant"]
[WhiteFideId "13303970"]
[BlackFideId "35033018"]
[WhiteElo "2187"]
[BlackElo "2347"]
[Result "0-1"]
[Round "10"]
[TimeControl "180+2"]
[Date "2023.05.23"]
[WhiteClock "0:00:17"]
[BlackClock "0:01:35"]

1. d4 Nf6 2. c4 g6 3. Nc3 d6 4. Nf3 Bg7 5. h3 O-O 6. Bf4 Nc6 7. e3 Nd7 8. Be2 e5 9. dxe5 Ndxe5 10. Nxe5 Nxe5 11. O-O Be6 12. Bxe5 dxe5 13. Qc2 c6 14. Rfd1 Qe7 15. Rd2 Rfd8 16. Rad1 f5 17. e4 Rd4 18. exf5 Bxf5 19. Bd3 e4 20. Bxe4 Bxe4 21. Qb3 Rxd2 22. Rxd2 Bxc3 23. Qxc3 Rd8 24. Rxd8+ Qxd8 25. Qe5 Bf5 26. g4 Bd3 27. b3 a6 28. Kg2 Qf8 29. f3 Qd8 30. Kg3 Bb1 31. h4 Bxa2 32. Qb2 Qa5 33. b4 Qc7+ 34. Kg2 Bxc4 35. h5 gxh5 36. g5 Qg7 37. Qd2 Bd5 38. Kg3 Qf7 39. f4 Qf5 40. Qd4 Qg4+ 41. Kf2 Qf3+ 42. Ke1 Qe4+ 43. Qxe4 Bxe4 44. Kf2 Kf7 45. Kg3 Bf5 46. Kh4 Kg6 47. Kg3 h6 48. Kh4 hxg5+ 49. fxg5 b5 50. Kg3 Kxg5 51. Kh2 h4 52. Kg2 Kf4 53. Kh2 Ke4 54. Kg2 Kd4 55. Kf2 Kc4 56. Kf3 Kxb4 57. Ke3 h3 58. Kd2 Be6 59. Kc1 Bd5 60. Kb2 h2 61. Kc1 h1=Q+ 62. Kb2 Qg2+ 63. Kc1 Kc3 64. Kb1 Qb2# 0-1


[Site "https://www.chess.com"]

[Event "Titled Tuesday Blitz May 23 Late 2023"]
[White "Melikyan, Gnel"]
[Black "Makridis, Dimitrios"]
[WhiteFideId "54109990"]
[BlackFideId "25864475"]
[WhiteElo "2138"]
[BlackElo "2277"]
[Result "1-0"]
[Round "10"]
[TimeControl "180+2"]
[Date "2023.05.23"]
[WhiteClock "0:00:25"]
[BlackClock "0:00:01"]

1. e4 c5 2. Nf3 a6 3. Nc3 Nc6 4. d4 cxd4 5. Nxd4 Nf6 6. Nxc6 bxc6 7. e5 Ng8 8. Bc4 Qc7 9. Qe2 f6 10. Bf4 fxe5 11. Bxe5 d6 12. Bg3 Nf6 13. O-O-O e5 14. Rhe1 Be7 15. h3 Bb7 16. f4 e4 17. f5 O-O-O 18. Nxe4 Nxe4 19. Qxe4 Rhe8 20. Kb1 Kb8 21. Bf7 Bh4 22. Qxh4 Qxf7 23. Bxd6+ Ka8 24. Rxe8 Rxe8 25. g4 h6 26. b3 c5 27. Bxc5 Qc7 28. Qf2 Be4 29. Rd2 Rc8 30. Bd4 Qc6 31. Kb2 a5 32. a4 Rb8 33. Be5 Rc8 34. Qe2 Kb7 35. Qb5+ Qxb5 36. axb5 Kb6 37. Bxg7 Kxb5 38. Bxh6 a4 39. bxa4+ Kxa4 40. Bg7 Kb5 41. Bd4 Bd5 42. Be3 Bc4 43. g5 Rb8 44. Kc3 Bf7 45. g6 Rc8+ 46. Kb2 Bc4 47. f6 Kc6 48. f7 Rb8+ 49. Kc3 Be6 50. Bh6 Rc8 51. f8=Q Rxf8 52. Bxf8 1-0


[Site "https://www.chess.com"]

[Event "Titled Tuesday Blitz May 23 Late 2023"]
[White "Schmakel, Sam"]
[Black "Arabidze, Meri"]
[WhiteFideId "2039311"]
[BlackFideId "13604040"]
[WhiteElo "2356"]
[BlackElo "2405"]
[Result "0-1"]
[Round "10"]
[TimeControl "180+2"]
[Date "2023.05.23"]
[WhiteClock "0:00:05"]
[BlackClock "0:00:07"]

1. d4 Nf6 2. c4 e6 3. Nf3 Bb4+ 4. Bd2 Qe7 5. g3 Nc6 6. Nc3 Bxc3 7. Bxc3 Ne4 8. Rc1 O-O 9. Bg2 d6 10. d5 Nxc3 11. Rxc3 Nb8 12. dxe6 fxe6 13. Nd4 e5 14. Re3 Kh8 15. Nb5 Nc6 16. O-O Be6 17. b3 Qd7 18. Qd2 Rf7 19. Nc3 Bh3 20. Nd5 Raf8 21. f4 Bxg2 22. Kxg2 Nd4 23. Rd3 Qg4 24. e3 Nf3 25. Qd1 e4 26. Rc3 c6 27. Nb4 Rf6 28. Nc2 Rh6 29. Rh1 Qh3+ 30. Kf2 Nxh2 31. Rg1 Ng4+ 32. Ke1 Qh2 33. Rf1 Qxg3+ 34. Kd2 Rh2+ 35. Kc1 Nf2 36. Qxd6 Rg8 37. Kb1 Nd3 38. Qd4 Qg2 39. Rd1 Qe2 40. Rg1 Qf2 41. Rd1 Qf3 42. Rdxd3 exd3 43. Qxd3 Rh1+ 44. Kb2 Rh2 45. Ka3 b6 46. Nd4 Qg2 47. Rc2 Qg1 48. Rxh2 Qxh2 49. Nxc6 Qg2 50. Ne7 Rf8 51. Qd6 Qa8 52. e4 Qd8 53. Qxd8 Rxd8 54. e5 Re8 55. Nd5 h5 56. b4 h4 57. Ne3 h3 58. Ng4 Rf8 59. e6 Rxf4 60. e7 Re4 61. c5 bxc5 62. bxc5 Rxe7 63. Kb3 Re4 64. Nh2 Re2 65. Nf3 Re3+ 0-1


[Site "https://www.chess.com"]

[Event "Titled Tuesday Blitz May 23 Late 2023"]
[White "Adewumi, Tanitoluwa"]
[Black "Rozman, Levy"]
[WhiteFideId "30966396"]
[BlackFideId "2039877"]
[WhiteElo "2589"]
[BlackElo "2376"]
[Result "1-0"]
[Round "10"]
[TimeControl "180+2"]
[Date "2023.05.23"]
[WhiteClock "0:00:04"]
[BlackClock "0:00:00"]

1. e4 c6 2. d4 d5 3. exd5 cxd5 4. Bd3 Nc6 5. c3 g6 6. Nf3 Bg7 7. O-O Nh6 8. Re1 O-O 9. b4 a6 10. a4 Nf5 11. Ra2 Nd6 12. Rae2 Bg4 13. Nbd2 b5 14. h3 Bf5 15. Bxf5 Nxf5 16. Nb3 e6 17. Bg5 Qc8 18. Nc5 Re8 19. Bf4 Qd8 20. axb5 axb5 21. Qd3 Qb6 22. g4 Nfe7 23. Bg5 Nc8 24. Nd7 Qc7 25. Nf6+ Bxf6 26. Bxf6 Nd6 27. Qd2 Rf8 28. Qh6 Ne8 29. Bg7 Nxg7 30. Ng5 Rfe8 31. Qxh7+ Kf8 32. Qh8+ Ke7 33. Qxg7 Kd8 34. Rxe6 fxe6 35. Qf6+ Qe7 36. Nxe6+ Kc8 37. Qf4 Ra7 38. Re3 g5 39. Qf5 Qd7 40. Nc5 Qxf5 41. Rxe8+ Kc7 42. gxf5 Ra3 43. Re6 Rxc3 44. f6 Nxd4 45. f7 Nxe6 46. Nxe6+ 1-0


[Site "https://www.chess.com"]

[Event "Titled Tuesday Blitz May 23 Late 2023"]
[White "Potapova, Margarita"]
[Black "Papasimakopoulos, Alexandros"]
[WhiteFideId "14126869"]
[BlackFideId "4244125"]
[WhiteElo "2244"]
[BlackElo "2359"]
[Result "0-1"]
[Round "10"]
[TimeControl "180+2"]
[Date "2023.05.23"]
[WhiteClock "0:00:08"]
[BlackClock "0:00:18"]

1. d4 d5 2. c4 e5 3. dxe5 d4 4. Nf3 Nc6 5. a3 a5 6. e3 Bg4 7. exd4 Bxf3 8. Qxf3 Qxd4 9. Qd1 Qxd1+ 10. Kxd1 O-O-O+ 11. Bd2 Nxe5 12. Kc2 Nf6 13. f3 Nc6 14. Be3 Nd4+ 15. Bxd4 Rxd4 16. Nc3 Bc5 17. Bd3 Rhd8 18. Rad1 g6 19. Be2 c6 20. Na4 Ba7 21. b4 axb4 22. axb4 Re8 23. Bd3 Nd7 24. Rhe1 Kd8 25. Rxe8+ Kxe8 26. Re1+ Kf8 27. Nc3 Rh4 28. h3 Bd4 29. Ne2 Bf2 30. Ra1 Ne5 31. Ra8+ Kg7 32. Rb8 Nxc4 33. Rxb7 Ne3+ 34. Kd2 Nxg2 35. Rc7 Be1+ 36. Kc2 Bxb4 37. Rxc6 Ne1+ 38. Kd1 Nxd3 39. Ng1 h5 40. Rb6 Bc5 41. Rb3 Bxg1 42. Rxd3 Rxh3 43. Ke2 Rh2+ 44. Kf1 Bb6 45. Rd7 Rb2 46. Ke1 h4 47. Kf1 h3 48. Rd4 Bxd4 0-1


[Site "https://www.chess.com"]

[Event "Titled Tuesday Blitz May 23 Late 2023"]
[White "Badmatsyrenov, Oleg"]
[Black "Sivakumar, Shaaketh"]
[WhiteFideId "24115762"]
[BlackFideId "30940176"]
[WhiteElo "2396"]
[BlackElo "2174"]
[Result "0-1"]
[Round "10"]
[TimeControl "180+2"]
[Date "2023.05.23"]
[WhiteClock "0:00:08"]
[BlackClock "0:00:27"]

1. e4 e6 2. d4 d5 3. Nc3 Bb4 4. a3 Bxc3+ 5. bxc3 c5 6. e5 Ne7 7. Qg4 Kf8 8. Nf3 Qa5 9. Bd2 Qa4 10. Bd3 b6 11. O-O Nbc6 12. Ra2 Ng6 13. h4 Ngxe5 14. Nxe5 Nxe5 15. Qg3 Nxd3 16. Qd6+ Ke8 17. cxd3 Qd7 18. Qg3 f6 19. dxc5 bxc5 20. Be3 Qe7 21. Rb2 Ba6 22. Rfb1 Kf7 23. Bxc5 Qd7 24. h5 Rac8 25. d4 Qc7 26. Qg4 Rb8 27. h6 g6 28. Bb4 Bd3 29. Re1 Bf5 30. Qe2 a5 31. g4 Be4 32. Bc5 Qf4 33. Rb6 Rxb6 34. Bxb6 Rb8 35. f3 Qxf3 36. Qxf3 Bxf3 37. Bxa5 Rb2 38. Bc7 Bxg4 39. Ra1 Be2 40. a4 g5 41. a5 Ba6 42. Bg3 Kg6 43. Re1 Kf7 44. Bd6 f5 45. Be5 f4 46. Rc1 Ra2 47. Bc7 Bd3 48. Re1 Be4 49. c4 f3 50. Bg3 Rg2+ 51. Kf1 Bd3+ 52. Re2 Bxe2+ 53. Ke1 Rxg3 54. c5 Rg1+ 55. Kf2 Rg2+ 56. Ke3 Bd1 57. c6 f2 58. c7 f1=Q 59. c8=Q Qe2# 0-1


[Site "https://www.chess.com"]

[Event "Titled Tuesday Blitz May 23 Late 2023"]
[White "Deviprasath, Sharvesh"]
[Black "Matinian, Nikita"]
[WhiteFideId "30938228"]
[BlackFideId "24129100"]
[WhiteElo "2168"]
[BlackElo "2422"]
[Result "0-1"]
[Round "10"]
[TimeControl "180+2"]
[Date "2023.05.23"]
[WhiteClock "0:00:12"]
[BlackClock "0:00:09"]

1. e4 g6 2. d4 Bg7 3. Nc3 d6 4. f4 a6 5. Nf3 b5 6. Bd3 Bb7 7. O-O Nd7 8. e5 c5 9. Ne4 c4 10. f5 cxd3 11. f6 Bf8 12. fxe7 Bxe7 13. Nxd6+ Bxd6 14. exd6 dxc2 15. Qxc2 Kf8 16. Qb3 Ngf6 17. Bh6+ Kg8 18. Rae1 Bd5 19. Qd3 Bc4 20. Qd2 Bxf1 21. Rxf1 Ng4 22. Bg5 f6 23. Bh4 Kg7 24. Ne5 h5 25. Nxd7 Qxd7 26. h3 Rhf8 27. hxg4 hxg4 28. Bg3 Rfe8 29. Rc1 Rac8 30. Rc5 g5 31. Qd3 Qe6 32. Kh2 Rcd8 33. Rc7+ Rd7 34. d5 Qf7 35. Qf5 Red8 36. b4 Kg8 37. Kg1 Kg7 38. Kh2 Qe8 39. Kg1 Qe3+ 40. Kh2 Rh8+ 0-1


[Site "https://www.chess.com"]

[Event "Titled Tuesday Blitz May 23 Late 2023"]
[White "ArrestingPieces"]
[Black "Domingo Nunez, Ruben"]
[BlackFideId "22245570"]
[WhiteElo "2513"]
[BlackElo "2404"]
[Result "1-0"]
[Round "10"]
[TimeControl "180+2"]
[Date "2023.05.23"]
[WhiteClock "0:01:24"]
[BlackClock "0:00:16"]

1. d4 g6 2. e4 Bg7 3. Nf3 c6 4. c4 d5 5. exd5 cxd5 6. Nc3 Nf6 7. Qb3 O-O 8. cxd5 Nbd7 9. Be2 Nb6 10. O-O Nbxd5 11. Re1 b6 12. Ne5 Bb7 13. Bf3 e6 14. Bg5 Qb8 15. Nxd5 Nxd5 16. Nd7 Qd6 17. Nxf8 Rxf8 18. Red1 h6 19. Bh4 Qd7 20. Bg3 Bc6 21. a4 h5 22. h3 Bf6 23. a5 h4 24. Be5 Bg5 25. axb6 axb6 26. Bxd5 Bxd5 27. Qxb6 Rc8 28. Ra7 Qe8 29. Rc7 Rb8 30. Qd6 Rxb2 31. Qd7 Qxd7 32. Rxd7 Rd2 33. Rxd2 Bxd2 34. Rd8+ 1-0


[Site "https://www.chess.com"]

[Event "Titled Tuesday Blitz May 23 Late 2023"]
[White "HamedWafa4"]
[Black "Naroditsky, Daniel"]
[BlackFideId "2026961"]
[WhiteElo "2639"]
[BlackElo "2633"]
[Result "0-1"]
[Round "10"]
[TimeControl "180+2"]
[Date "2023.05.23"]
[WhiteClock "0:00:00"]
[BlackClock "0:01:54"]

1. e4 c5 2. Nf3 d6 3. Bb5+ Nd7 4. c4 Nf6 5. O-O e6 6. d4 cxd4 7. Qxd4 Be7 8. Nc3 O-O 9. Bxd7 Bxd7 10. b3 Bc6 11. Bb2 a6 12. a4 Qa5 13. Ba3 Rad8 14. Bb4 Qh5 15. h3 Qg6 16. Rfe1 Nh5 17. Qd2 e5 18. Kh1 Nf4 19. Rg1 f5 20. Qe3 fxe4 21. Nxe5 dxe5 22. Bxe7 Rd3 23. Bxf8 Rxe3 24. fxe3 Nd3 25. Rgf1 Qg3 26. Bd6 h5 27. Nd1 Bd7 28. Ra2 Kh7 29. Re2 h4 30. Nf2 Bf5 31. Ra2 Bg6 32. Re2 Bh5 33. Ra2 Qxe3 34. Nxd3 exd3 35. Raa1 d2 36. c5 Be2 37. Rg1 Qg3 38. b4 Bf3 0-1


[Site "https://www.chess.com"]

[Event "Titled Tuesday Blitz May 23 Late 2023"]
[White "Fishbein, Alexander"]
[Black "Baskakov, Egor"]
[WhiteFideId "2000377"]
[BlackFideId "24197866"]
[WhiteElo "2415"]
[BlackElo "2225"]
[Result "1/2-1/2"]
[Round "10"]
[TimeControl "180+2"]
[Date "2023.05.23"]
[WhiteClock "0:00:09"]
[BlackClock "0:00:13"]

1. e4 c5 2. Nf3 Nf6 3. e5 Nd5 4. Nc3 e6 5. Nxd5 exd5 6. d4 Nc6 7. c3 d6 8. exd6 Bxd6 9. dxc5 Bxc5 10. Bd3 O-O 11. O-O Bg4 12. h3 Bh5 13. Be2 Re8 14. b4 Bd6 15. Be3 Bg6 16. Nd4 Ne5 17. Bf4 Nf3+ 18. Nxf3 Bxf4 19. Bb5 Re7 20. Re1 Rxe1+ 21. Qxe1 Qc7 22. Rd1 Rd8 23. g3 Be4 24. Nd4 Be5 25. Bf1 a6 26. Bg2 Bg6 27. Qe3 h6 28. Rc1 Bf6 29. Ne2 Qc4 30. Nf4 Qxa2 31. Nxg6 fxg6 32. Qe6+ Kh7 33. Rd1 Bxc3 34. Bxd5 Qc2 35. Rf1 Qf5 36. Qxf5 gxf5 37. Bxb7 Rd6 38. Bc8 f4 39. Rc1 Bxb4 40. Rc4 Bd2 41. gxf4 Kg6 42. Kg2 a5 43. Kf3 Bb4 44. Re4 Kf6 45. f5 Rd3+ 46. Re3 Rd8 47. Be6 a4 48. Re4 Rb8 49. Rg4 a3 50. Rg6+ Ke5 51. Rxg7 Ra8 52. Ba2 Kxf5 53. Rb7 Bf8 54. Rb5+ Kf6 55. Kg4 Rc8 56. f4 Rc2 57. Rb6+ Ke7 58. Rb7+ Kd6 59. Bg8 Kc6 60. Rb8 Bd6 61. Rc8+ Bc7 62. Bf7 Rg2+ 63. Kf5 Kb7 64. Re8 Rb2 65. Re4 a2 66. Ra4 Rb5+ 67. Kg6 Rb6+ 68. Kh7 Ra6 69. Rxa6 Kxa6 70. Bxa2 Bxf4 71. Kg6 Bc1 72. Kh5 Kb6 73. Bd5 Kc5 74. Bf7 Kd6 75. Bg6 Ke7 76. Be4 Kf8 77. Bg2 Kg7 78. h4 Bd2 79. Bh3 Bc1 80. Bg2 Bd2 81. Bh3 Bc1 82. Bg2 1/2-1/2


[Site "https://www.chess.com"]

[Event "Titled Tuesday Blitz May 23 Late 2023"]
[White "Korchmar, Vasiliy"]
[Black "Rustemov, Alexander"]
[WhiteFideId "24131750"]
[BlackFideId "4119002"]
[WhiteElo "2370"]
[BlackElo "2848"]
[Result "0-1"]
[Round "10"]
[TimeControl "180+2"]
[Date "2023.05.23"]
[WhiteClock "0:00:00"]
[BlackClock "0:01:25"]

1. e4 e6 2. d4 d5 3. e5 c5 4. c3 Qb6 5. Nf3 Bd7 6. Be2 cxd4 7. cxd4 Bb5 8. O-O Bxe2 9. Qxe2 Qa6 10. Qd1 Bb4 11. Ng5 h6 12. Qh5 g6 13. Qh3 Ne7 14. Nc3 Nbc6 15. Be3 Nf5 16. Nf3 h5 17. a4 Be7 18. Rac1 Qb6 19. Rc2 a6 20. Ne2 O-O-O 21. Rfc1 Kb8 22. Ng5 Bxg5 23. Bxg5 Rc8 24. Qd3 Ncxd4 25. Rxc8+ Rxc8 26. Rxc8+ Kxc8 27. Nc3 Qxb2 0-1


[Site "https://www.chess.com"]

[Event "Titled Tuesday Blitz May 23 Late 2023"]
[White "Maksimovic, Bojan"]
[Black "Bartel, Michal"]
[WhiteFideId "14408120"]
[BlackFideId "1119257"]
[WhiteElo "2468"]
[BlackElo "2282"]
[Result "1-0"]
[Round "10"]
[TimeControl "180+2"]
[Date "2023.05.23"]
[WhiteClock "0:00:05"]
[BlackClock "0:00:19"]

1. g3 d5 2. Nf3 Nd7 3. Bg2 e5 4. d3 Bd6 5. O-O Ngf6 6. c3 O-O 7. Qc2 Qe7 8. e4 c6 9. Nbd2 Re8 10. Re1 Nf8 11. exd5 cxd5 12. Nxe5 Bxe5 13. d4 Qc7 14. dxe5 Rxe5 15. Rxe5 Qxe5 16. Nf3 Qe7 17. Bg5 h6 18. Re1 Ne6 19. Be3 Bd7 20. h3 a6 21. Qd1 Rc8 22. Bd4 Bc6 23. Ne5 Qd8 24. Nf3 Ne4 25. Be3 Qf6 26. Nd4 Re8 27. Nxc6 bxc6 28. Qa4 N6g5 29. Qxa6 Nf3+ 30. Bxf3 Qxf3 31. Qxc6 Re5 32. Qc8+ Kh7 33. Qg4 Ng5 34. Rf1 Rxe3 35. fxe3 Qxe3+ 36. Kg2 Ne4 37. Qf5+ Kh8 38. Qf3 Qd2+ 39. Kg1 f6 40. Rf2 Nxf2 41. Qxf2 Qd1+ 42. Kg2 Qb1 43. a3 Qe4+ 44. Kh2 h5 45. h4 Kh7 46. Kg1 Qb1+ 47. Kg2 Qe4+ 48. Kh2 Kh8 49. Qg2 Qd3 50. a4 Qc4 51. Qc2 d4 52. Qe4 Qb3 53. Qe8+ Kh7 54. Qxh5+ Kg8 55. Qe8+ Kh7 56. Qe4+ Kh8 57. cxd4 Qxa4 58. Qd3 Qa1 59. Qd2 Qa6 60. d5 Qd6 61. b4 Kh7 62. Kg2 Kg6 63. Qd3+ Kh6 64. b5 g5 65. h5 Kg7 66. Qg6+ Kf8 67. Qf5 Kg7 68. Kf3 Qb6 69. Qg6+ Kf8 70. h6 Qxb5 71. Qxf6+ Ke8 72. Qe6+ Kf8 73. Qf6+ Kg8 74. Qg7# 1-0


[Site "https://www.chess.com"]

[Event "Titled Tuesday Blitz May 23 Late 2023"]
[White "Fernandez Guillen, Ernesto J."]
[Black "Machidon, Cristi"]
[WhiteFideId "3512428"]
[BlackFideId "13904590"]
[WhiteElo "2429"]
[BlackElo "2355"]
[Result "1-0"]
[Round "10"]
[TimeControl "180+2"]
[Date "2023.05.23"]
[WhiteClock "0:01:54"]
[BlackClock "0:00:52"]

1. e4 c6 2. d4 d5 3. e5 Bf5 4. Bd3 Bxd3 5. Qxd3 e6 6. Ne2 c5 7. c3 Qb6 8. O-O Nc6 9. Nd2 Rc8 10. Nf3 a6 11. Be3 cxd4 12. Nexd4 Bc5 13. a3 Bxd4 14. cxd4 Nge7 15. b4 h6 16. Rac1 O-O 17. Qd2 Kh7 18. Rc3 Na7 19. Rfc1 Nb5 20. Rc5 Rc6 21. g4 Rxc5 22. Rxc5 Rc8 23. Rxc8 Nxc8 24. Qc2+ 1-0


[Site "https://www.chess.com"]

[Event "Titled Tuesday Blitz May 23 Late 2023"]
[White "Dimitrov, Atanas"]
[Black "Martic, Ivan"]
[WhiteFideId "2901315"]
[BlackFideId "929301"]
[WhiteElo "2710"]
[BlackElo "2360"]
[Result "1-0"]
[Round "10"]
[TimeControl "180+2"]
[Date "2023.05.23"]
[WhiteClock "0:01:04"]
[BlackClock "0:00:35"]

1. Nf3 Nf6 2. c4 g6 3. Nc3 Bg7 4. b3 Ne4 5. Bb2 Nxc3 6. Bxc3 Bxc3 7. dxc3 d6 8. Qd2 Nd7 9. g3 Nf6 10. Bg2 c5 11. Ng5 Qc7 12. Ne4 Nxe4 13. Bxe4 h5 14. h4 Bd7 15. O-O Bc6 16. Qe3 Bxe4 17. Qxe4 Qc6 18. Qe3 O-O 19. Rfd1 Rfe8 20. Rd2 b5 21. cxb5 Qxb5 22. Rad1 a5 23. Rd5 a4 24. b4 Qc4 25. bxc5 dxc5 26. a3 Rac8 27. Rg5 e6 28. Rd7 Red8 29. Ra7 Rd5 30. Rxg6+ Kf8 31. Qh6+ 1-0


[Site "https://www.chess.com"]